 Dungeon Crawl Stone Soup version 0.19-a0-1007-g133f65f (webtiles) character file.

417 matakusis the Ducker (level 6, 0/48 HPs)
             Began as a Demonspawn Gladiator on July 21, 2016.
             Was a Follower of Uskayaw.
             Slain by a slave (1 damage)
             ... led by Pikel
             ... on level 4 of the Dungeon.
             The game lasted 00:11:54 (3445 turns).

matakusis the Ducker (Demonspawn Gladiator)         Turns: 3445, Time: 00:11:54

Health: 0/48       AC: 10    Str: 15    XL:     6   Next: 61%
Magic:  0/6        EV: 15    Int: 10    God:    Uskayaw [*.....]
Gold:   163        SH:  3    Dex: 15    Spells: 0 memorised, 6 levels left

rFire  . . .     SeeInvis .     a - +1 long sword
rCold  . . .     Gourm    .     b - +0 leather armour
rNeg   . . .     Faith    .     (no shield)
rPois  .         Spirit   +     c - +0 helmet
rElec  .         Dismiss  .     m - +0 cloak
rCorr  .         Reflect  .     e - +0 pair of gloves
SustAt .         Harm     .     r - +0 pair of boots
MR     +....                    (no amulet)
Stlth  +.........               o - ring of wizardry
                                l - ring of protection from magic

@: somewhat resistant to hostile enchantments, very unstealthy
A: large bone plates 2, powered by death 1, magic shield
a: Stomp, Renounce Religion


You were on level 4 of the Dungeon.
You worshipped Uskayaw.
Uskayaw was noncommittal.
You were near starving.

You visited 1 branch of the dungeon, and saw 4 of its levels.

You collected 163 gold pieces.

Inventory:

Hand Weapons
 a - a +1 long sword (weapon)
Missiles
 d - 3 throwing nets (quivered)
Armour
 b - a +0 leather armour (worn)
 c - a +0 helmet (worn)
 e - a +0 pair of gloves (worn)
 m - a +0 cloak (worn)
 r - a +0 pair of boots (worn)
Jewellery
 l - a ring of protection from magic (left hand)
 o - a ring of wizardry (right hand)
Wands
 u - a wand of teleportation (2/9)
Scrolls
 h - a scroll of enchant weapon
 k - a scroll of fear
 q - 2 scrolls of identify
Potions
 g - a potion of ambrosia
 i - 2 potions of magic
 j - a potion of might {unknown}
 n - a potion of lignification {unknown}
 p - a potion of heal wounds {unknown}
 t - a potion of curing
Comestibles
 f - 2 bread rations


   Skills:
 * Level 3.8 Fighting
 + Level 3.6 Long Blades
 - Level 1.7 Throwing
 * Level 5.5 Dodging
 * Level 0.5 Spellcasting


You had 6 spell levels left.
You didn't know any spells.

Dungeon Overview and Level Annotations

Branches:
Dungeon (4/15)
 Temple: D:4-7

Altars:
Ashenzari
Dithmenos
Fedhas
Kikubaaqudgha
Okawaru
Ru
Sif Muna
Uskayaw
The Shining One

Annotations:
D:4 Pikel; shady's ghost, amateur MfSk


Innate Abilities, Weirdness & Mutations

You are mostly covered in large bone plates. (AC +3, SH +3)
You regenerate a little health from kills.
When hurt, damage is shared between your health and your magic reserves.


Message History

The slave is heavily wounded.
Pikel misses you.
You riposte.
You closely miss Pikel.
Pikel is moderately wounded.
The slave closely misses you.
You riposte.
You hit the slave but do no damage.
The slave is moderately wounded.
You hit Pikel.
Pikel is heavily wounded.
The slave hits you.
* * * LOW HITPOINT WARNING * * *
The slave completely misses you.
You riposte.
Your leather armour prevents you from hitting the slave.
The slave is heavily wounded.
Pikel closely misses you.
You riposte.
You closely miss Pikel.
Pikel is heavily wounded.
The slave barely misses you.
You barely miss Pikel.
Pikel is heavily wounded.
The slave closely misses you. The slave misses you. Pikel misses you.
You block the slave's attack. The slave hits you.
You die...

...# ...# ...#
#.. ...# ##..
...# .....
##...## #...
##pKW).###
#....###p@ppo...#
#...#...###.....
#......## ..$
#....<## .
##...## #...#
...... #....
###..


You could see Pikel, 4 slaves, shady's ghost and an orc.

Vanquished Creatures
  An ice beast (D:3)
  An ogre (D:3)
  Ijyb (D:2)
  4 gnolls (D:3)
  6 adders (D:3)
  2 oozes
  An adder zombie (D:3)
  A worm (D:3)
  2 dart slugs
  3 giant geckos
  9 orcs (D:3)
  4 giant cockroaches
  14 goblins
  7 hobgoblins
  8 jackals
  13 kobolds
  A ball python (D:1)
  7 bats
  4 giant newts
  8 rats
97 creatures vanquished.

Notes
Turn   | Place    | Note
-------+----------+-------------------------------------------
     0 | D:1      | matakusis the Demonspawn Gladiator began the quest for the Orb.
     0 | D:1      | Reached XP level 1. HP: 16/16 MP: 1/1
   291 | D:1      | Reached skill level 3 in Dodging
   291 | D:1      | Gained mutation: You are partially covered in large bone plates. (AC +2, SH +2) [demonic ancestry]
   291 | D:1      | Reached XP level 2. HP: 18/22 MP: 2/2
   893 | D:2      | Gained mutation: You are mostly covered in large bone plates. (AC +3, SH +3) [demonic ancestry]
   893 | D:2      | Reached XP level 3. HP: 28/28 MP: 3/3
  1507 | D:2      | Noticed Ijyb
  1536 | D:2      | Killed Ijyb
  1536 | D:2      | Gained mutation: You regenerate a little health from kills. [demonic ancestry]
  1536 | D:2      | Reached XP level 4. HP: 34/34 MP: 4/4
  1846 | D:3      | Found a shadowy altar of Dithmenos.
  1847 | D:3      | Found a hide-covered altar of Uskayaw.
  1853 | D:3      | Found an iron altar of Okawaru.
  1859 | D:3      | Reached skill level 4 in Dodging
  1868 | D:3      | Found a glowing golden altar of the Shining One.
  1871 | D:3      | Found an ancient bone altar of Kikubaaqudgha.
  1872 | D:3      | Found a deep blue altar of Sif Muna.
  1886 | D:3      | Found a sacrificial altar of Ru.
  1965 | D:3      | Noticed an ogre
  1970 | D:3      | Found a shattered altar of Ashenzari.
  2053 | D:3      | Killed an ogre
  2053 | D:3      | Gained mutation: When hurt, damage is shared between your health and your magic reserves. [demonic ancestry]
  2053 | D:3      | Reached XP level 5. HP: 14/41 MP: 5/5
  2435 | D:3      | Reached skill level 5 in Dodging
  2662 | D:3      | Reached XP level 6. HP: 47/47 MP: 6/6
  2668 | D:3      | Found a blossoming altar of Fedhas.
  2914 | D:3      | Noticed an ice beast
  2949 | D:3      | Killed an ice beast
  3408 | D:3      | Became a worshipper of Uskayaw the Reveler
  3430 | D:4      | Noticed a slave
  3430 | D:4      | Noticed a slave
  3430 | D:4      | Noticed a slave
  3432 | D:4      | Noticed a slave
  3432 | D:4      | Noticed Pikel
  3436 | D:4      | Noticed shady's ghost (amateur MfSk)
  3442 | D:4      | HP: 2/48 [Pikel/whip of freezing (2)]
  3442 | D:4      | Reached * piety under Uskayaw
  3445 | D:4      | Slain by a slave

Vault maps used:
D:1:      minmay_arrival_pointy, roderic_chinese_pattern_swastika,
          minmay_nonomino_d4
D:2:      kennysheep_goblin_castle
D:3:      old_standard_altar, grunt_temple_overflow_open,
          gup_sewer_entry_bubbles, fedhas_altar_4
D:4:      kennysheep_little_box, uniq_pikel

Skill      XL: |  1  2  3  4  5 |
---------------+----------------+-----
Dodging        | 3 4 5 |  5.5
Long Blades    | 3 |  3.6
Fighting       | 3 |  3.8
Throwing       | |  1.7
Spellcasting   | |  0.5

Action                   |  1- 3 |  4- 6 || total
-------------------------+-------+-------++-------
Melee: Long sword        |   188 |   257 ||   445
Throw: Throwing net      |       |     2 ||     2
  Use: Scroll            |       |     9 ||     9
 Stab: Sleeping          |     2 |       ||     2
  Eat: Chunk             |     2 |     5 ||     7
Armor: Leather armour    |    60 |    90 ||   150
Dodge: Dodged            |   116 |   190 ||   306
Block: Other             |    15 |    21 ||    36
